 Dungeon Crawl Stone Soup version 0.29-a0-359-g541a27f54d (webtiles) character file.

Game seed: 16012837659269220050

409 Agony the Grave Robber (level 6, -7/35 HPs)
             Began as a Vampire Necromancer on Apr 28, 2022.
             Mangled by an ogre
             ... wielding a +0 giant club
              (18 damage)
             ... on level 4 of the Dungeon.
             The game lasted 00:11:37 (4151 turns).

Agony the Grave Robber (Vampire Necromancer)        Turns: 4151, Time: 00:11:38

Health: -7/35      AC:  4    Str:  7    XL:     6   Next: 58%
Magic:  7/10       EV: 12    Int: 20    God:
Gold:   120        SH:  0    Dex: 14    Spells: 7/11 levels left

rFire   . . .      SeeInvis +   e - +1 whip
rCold   + + .      Faith    .   (no shield)
rNeg    + + +      Spirit   .   f - +0 leather armour
rPois   ∞          Reflect  .   (no helmet)
rElec   .          Harm     .   (no cloak)
rCorr   .          Rampage  .   (no gloves)
Will    .....                   d - +0 pair of boots
Stlth   +++++.....              (no amulet)
HPRegen 0.00/turn               (no ring)
MPRegen 0.12/turn               (no ring)

@: bloodless, inhibited regen
A: bloodless, fangs 3, see invisible, vampiric 2
a: Bat Form, Revivify


You were on level 4 of the Dungeon.
You visited 2 branches of the dungeon, and saw 5 of its levels.

You collected 120 gold pieces.

Inventory:

Hand Weapons
 e - a +1 whip (weapon)
Armour
 a - a +0 robe
 d - a +0 pair of boots (worn)
 f - a +0 leather armour (worn)
Jewellery
 n - a +4 ring of evasion
Wands
 c - a wand of paralysis (9)
 q - a wand of digging (4)
Scrolls
 b - 3 scrolls of identify {unknown}
 l - a scroll of summoning {unknown}
 r - a scroll of immolation {unknown}
Potions
 g - a potion of degeneration {unknown}
 h - a potion of haste {unknown}
 i - a potion of resistance {unknown}
 j - a potion of mutation {unknown}
 k - a potion of invisibility {unknown}
 m - 2 potions of lignification {unknown}
 o - a potion of heal wounds {unknown}
 p - 3 potions of attraction {unknown}


   Skills:
 + Level 2.0 Fighting
 + Level 1.8 Armour
 + Level 3.5 Dodging
 + Level 4.9 Stealth
 + Level 3.0 Spellcasting
 * Level 6.0 Necromancy


You had 7 spell levels left.
You knew the following spells:

 Your Spells              Type           Power      Damage    Failure   Level
a - Pain                  Necr           100%       1d9       1%          1
b - Vampiric Draining     Necr           27%        2d7       5%          3

Your spell library contained the following spells:

 Spells                   Type           Power      Damage    Failure   Level
 Animate Skeleton         Necr           54%        N/A       1%          1
 Animate Dead             Necr           13%        N/A       17%         4
 Agony                    Necr           27%        N/A       43%         5


Dungeon Overview and Level Annotations

Branches:
Dungeon (4/15)             Temple (1/1) D:4

Altars:
Ashenzari
Dithmenos
Elyvilon
Fedhas
Gozag
Nemelex Xobeh
Qazlal
Ru
Sif Muna
Trog
Xom

Shops:
D:2 :


Innate Abilities, Weirdness & Mutations

You do not regenerate when monsters are visible.
You are frail without blood (-20% HP).
You can heal yourself when you bite living creatures.
You are immune to poison.
You have razor-sharp teeth.
You have supernaturally acute eyesight. (SInv)
You are afflicted with vampirism and can become a bat while bloodless.


Message History

You hit the hound.
The hound is almost dead.
The hound completely misses you. The hound bites you but does no damage.
You barely miss the hound.
The hound is almost dead.
The hound bites you but does no damage. x2
You hit the hound.
You kill the hound!
Your Fighting skill increases to level 2!
Your Necromancy skill increases to level 6!
You see here a hound corpse.
Magic restored.
An ogre comes into view. It is wielding a +0 giant club.
Aiming: Pain (safe; 1% risk of failure)
Press: ? - help, Q - select action, (/) - cycle Shift-Dir - straight line, f - you
Okay, then.
The ogre shouts!
Aiming: Pain (safe; 1% risk of failure)
Press: ? - help, Q - select action, (/) - cycle Shift-Dir - straight line, f - ogre
Aim: an ogre, wielding a +0 giant club (chance to affect: 83%)
The ogre writhes in agony!
Aiming: Pain (safe; 1% risk of failure)
Press: ? - help, Q - select action, (/) - cycle Shift-Dir - straight line, f/p - ogre
Aim: an ogre, wielding a +0 giant club (moderately wounded, chance to affect: 83%)
The ogre barely resists.
Unknown command.
Aiming: Pain (safe; 1% risk of failure)
Press: ? - help, Q - select action, (/) - cycle Shift-Dir - straight line, f/p - ogre
Aim: an ogre, wielding a +0 giant club (moderately wounded, chance to affect: 83%)
The ogre writhes in agony!
You barely miss the ogre.
The ogre is heavily wounded.
The ogre hits you with a +0 giant club!
You hit the ogre.
The ogre is severely wounded.
The ogre hits you with a +0 giant club! The ogre attacks as you move away!
The ogre hits you with a +0 giant club!!
Ouch! That really hurt!
You die...

.(...##...###....#
.....#........#..#
#...##..>..##....#
#.#.....†..#...#.# #
...###...##.#.#.# ##.
##...###.#......#
....##.....#.#..#.###
#####............#.#####
#.....O@.....#..........
#..###....##...#########
##.#.###### ###.# #.#
#$# #.# #.#


You could see an ogre.

Vanquished Creatures
  A sky beast (D:3)
  A scorpion (D:3)
  A hound (D:4)
  Terence (D:3)
  Ijyb (D:3)
  2 orc wizards (D:3)
  5 adders
  An ufetubus (D:3)
  A worm (D:2)
  5 dart slugs
  3 orcs (D:3)
  15 ball pythons
  4 bats
  8 endoplasms
  8 goblins
  4 hobgoblins
  3 quokkas
  2 frilled lizards
  4 kobolds
  7 rats
77 creatures vanquished.

Vanquished Creatures (others)
  A plant (D:3)
1 creature vanquished.

Grand Total: 78 creatures vanquished

Notes
Turn   | Place    | Note
-------+----------+-------------------------------------------
     0 | D:1      | Agony the Vampire Necromancer began the quest for the Orb.
     0 | D:1      | Reached XP level 1. HP: 13/13 MP: 3/3
   273 | D:1      | Reached XP level 2. HP: 16/19 MP: 1/5
   861 | D:1      | Gained mutation: You are afflicted with vampirism and can
                  | become a bat while bloodless. [Vampire growth]
   861 | D:1      | Reached XP level 3. HP: 23/25 MP: 2/6
  1818 | D:2      | Reached skill level 5 in Necromancy
  1820 | D:2      | Reached XP level 4. HP: 13/31 MP: 3/7
  1955 | D:2      | Reached skill level 1 in Fighting
  1987 | D:2      | Found Ankareg's Book Shoppe.
  2281 | D:3      | Noticed a floating eye
  2314 | D:3      | Found a faded altar of an unknown god.
  2316 | D:3      | Noticed a shining eye
  2317 | D:3      | Noticed a shining eye
  2317 | D:3      | Noticed a golden eye
  2541 | D:3      | Noticed a sky beast
  2548 | D:3      | Killed a sky beast
  2549 | D:3      | Reached skill level 1 in Armour
  2549 | D:3      | Reached XP level 5. HP: 12/37 MP: 0/8
  2709 | D:3      | Noticed Terence
  2713 | D:3      | Noticed Ijyb
  2715 | D:3      | Killed Terence
  2756 | D:3      | Killed Ijyb
  2760 | D:3      | Reached XP level 6. HP: 11/34 MP: 5/10
  3268 | D:3      | Found a shimmering blue altar of Sif Muna.
  3821 | D:3      | Learned a level 3 spell: Vampiric Draining
  3944 | D:4      | Found a staircase to the Ecumenical Temple.
  3957 | Temple   | Entered the Ecumenical Temple
  4087 | D:4      | Reached skill level 6 in Necromancy
  4151 | D:4      | Mangled by an ogre

Illustrated notes

Levels and vault maps discovered:
D:1:      evilmike_arrival_fibonacci_small, layout_basic
D:2:      layout_rooms, serial_shops, nicolae_square_shop
D:3:      layout_basic, mainiacjoe_overflow_boulevard,
          hellmonk_ecumenical_altar_watching_god, minmay_shallow_snake_nest,
          uniq_terence, uniq_ijyb
D:4:      layout_loops_ring, mainiacjoe_overflow_cross_hatched,
          nicolae_overflows_in_rows, minmay_temple_entry_slanted
Temple:   eino_temple_lava

Skill      XL: |  1  2  3  4  5  6 |
---------------+-------------------+-----
Necromancy     | 5 6 |  6.0
Fighting       | 1 2 |  2.0
Stealth        | 4 |  4.9
Armour         | 1 |  1.8
Dodging        | 3 |  3.5
Spellcasting   | 3 |  3.0

Action                   |  1- 3 |  4- 6 || total
-------------------------+-------+-------++-------
Melee: Unarmed           |     1 |       ||     1
       Whip              |    47 |    98 ||   145
       Bite              |     3 |    14 ||    17
       Punch             |     2 |     2 ||     4
 Cast: Pain              |    59 |    51 ||   110
 Abil: Exsanguinate      |       |     1 ||     1
  Use: Scroll            |     2 |       ||     2
       Potion            |     1 |     1 ||     2
 Stab: Sleeping          |     1 |     4 ||     5
Armor: Robe              |    11 |       ||    11
       Leather armour    |     1 |    38 ||    39
Dodge: Dodged            |    31 |    83 ||   114

Table legend: (Time is in decaauts)
 A = Elapsed time spent in this place.
 B = Non-inter-level travel time spent in this place.
 C = Inter-level travel time spent in this place.
 D = Time resting spent in this place.
 E = Time spent auto-exploring this place.
 F = Levels seen in this place.
 G = Mean time per level.
                   A        B        C        D        E       F      G
               +--------+--------+--------+--------+--------+-----+--------+
         Total |   4164 |   4069 |     95 |    653 |   2713 |   5 |  832.8 |
       Dungeon |   4042 |   3947 |     95 |    653 |   2650 |   4 | 1010.5 |
        Temple |    121 |    121 |      0 |      0 |     63 |   1 |  121.0 |
               +--------+--------+--------+--------+--------+-----+--------+

Top non-repeatable levels by time:
     D:3: 1715 daAuts
     D:1: 1370 daAuts
     D:2: 800 daAuts
     D:4: 156 daAuts
  Temple: 121 daAuts
